Unix NetHack Version 5.0.0-0 post-release - last build May 22 2026 02:22:16 (99d1c3b6dc4b13757aaa5824b55bdea4e1e63757,branch:main).

Game began 2026-05-21 17:53:06, ended 2026-05-22 09:05:40.

Anarchos, lawful female dwarven Valkyrie

               ---                       ----
         -------(--   $                  |..| ---            $   $
         |..--....--    ----- $    ----  |..--..| ----  *
 $ $    --.........| ----...|     --..| --...........-   *
        |.........-| |......------`(..---....-- --      *  *
        |...*..^...--|................(...|..|          $* *             =
 $ ------...*...[.^d*--.....-------.|)..[-|..|         * **
 $ |......---**...df.@q.....|     ----..--|..----        *
   --....-- -----..------...|        |..|--.....-                        *
    --...|      ----    |"---        -----..-.#        )
     |..-|            --#"|          ----.....|
 -----...--           |...|   ----   -........-            !
--.|......| -------- --.------|..-- |...---#.....-                  )
|.........| |..||..| |....|..--...| --.-   -#..- ..| *
--.|...[.----..--..| |.........>.--  --     --.. - -
 -----.[.---......-- |............--          ..-
  |.....*.........|  ----..........---         .@       `
  - |.............|     ----.--......|  *      ...
    --.---.....----        ------.|.--  *      .--
     --- -------                -----           |

Anarchos the Skirmisher     St:16 Dx:13 Co:20 In:9 Wi:8 Ch:8  Lawful
Dlvl:7  $:393 HP:0(52) Pw:5(5) AC:-5 Xp:4/157 T:4398  Fainted  Burdened Deaf

Latest messages:
 The large dog picks up an uncursed rock.
 The giant rat bites!
 The dog drops an uncursed rock.
 The giant rat bites!
 The giant rat misses!
 The giant rat misses!
 You regain consciousness.
 You kill the giant rat!
 You miss the rothe.
 The rothe hits!
 The rothe misses!
 The rothe bites!
 You miss the rothe.
 The rothe misses!
 The rothe misses!
 The rothe bites!
 You faint from lack of food.
 The rothe hits!
 The rothe misses!
 The rothe misses!
 The dog picks up an uncursed rock.
 The rothe misses!
 The rothe bites!
 The rothe bites again!
 The rothe misses!
 The rothe misses!
 The rothe misses!
 The rothe hits!
 The rothe bites!
 The rothe bites again!
 The rothe hits!
 The rothe misses!
 The rothe misses!
 The rothe hits!
 The rothe bites!
 The rothe bites again!
 The large dog drops an uncursed rock.
 The rothe hits!
 The rothe misses!
 The rothe bites!
 The rothe just misses!
 The rothe bites!
 The rothe misses!
 The rothe hits!
 The rothe misses!
 The rothe misses!
 The rothe hits!
 You die...
 Do you want your possessions identified? [ynq] (y) y
 Do you want to see your attributes? [ynq] (y) q

Inventory:
 Coins    ('$')
  $ - 393 gold pieces
 Amulets  ('"')
  i - a cursed amulet of flying
 Weapons  (')')
  n - the cursed +2 Demonbane
  o - a +0 long sword (weapon in right hand)
 Armor    ('[')
  z - an uncursed +0 dwarvish iron helm
  V - an uncursed +2 orcish helm (being worn)
  u - an uncursed +0 orcish helm
  M - an uncursed +0 pair of iron shoes (being worn)
  c - a blessed +4 small shield (being worn)
  v - a cursed +0 cloak of magic resistance
  x - an uncursed +0 dwarvish cloak
  L - an uncursed +0 dwarvish cloak (being worn)
  D - an uncursed +0 elven mithril-coat (being worn)
 Scrolls  ('?')
  P - a blessed scroll of create monster
  S - a cursed scroll of enchant weapon
  R - a cursed scroll of gold detection
  U - an uncursed scroll of identify
  T - a cursed scroll of identify
  O - a cursed scroll of magic mapping
  Q - a cursed scroll of punishment
  A - an uncursed scroll of remove curse
  W - a cursed scroll of teleportation
 Potions  ('!')
  d - a cursed potion of blindness
  b - a cursed potion of confusion
  a - a cursed potion of extra healing
  e - a cursed potion of gain energy
  Y - a cursed potion of gain level
  Z - a cursed potion of speed
  X - 5 potions of unholy water
 Rings    ('=')
  j - an uncursed ring of fire resistance (on left hand)
  C - a cursed +1 ring of protection
  B - a cursed ring of teleportation
  E - a cursed ring of warning
 Wands    ('/')
  r - a wand of digging (0:5)
  G - a cursed wand of digging (0:1)
  h - a wand of light (0:11)
  s - a wand of magic missile (0:7)
  F - a cursed wand of make invisible (0:4)
  q - a wand of striking (0:5)
 Tools    ('(')
  H - an empty cursed bag of holding
  y - an uncursed sack containing 18 items
  k - an uncursed leash
  p - an uncursed lock pick
  l - an uncursed magic lamp
  w - an uncursed magic lamp
  J - a cursed magic marker (0:19)
  I - a cursed skeleton key
  t - an uncursed stethoscope
  K - 3 uncursed tallow candles
  f - an uncursed tin whistle
  m - an uncursed tin whistle
  N - a cursed tinning kit (0:52)

Contents of the sack:
  215 gold pieces
  a poisoned +0 dart
  a +0 dagger
  a +1 dwarvish spear
  a +0 dwarvish short sword
  an uncursed +0 dwarvish iron helm
  a cursed -1 pair of fumble boots
  a cursed -2 pair of levitation boots
  an uncursed +0 pair of low boots
  an uncursed +0 dwarvish roundshield
  an uncursed +1 small shield
  a cursed scroll of fire
  an uncursed scroll of light
  2 uncursed scrolls of teleportation
  an uncursed potion of confusion
  2 uncursed diamonds
  an uncursed worthless piece of yellowish brown glass
  an uncursed touchstone

Anarchos the Valkyrie's attributes:

Background:
 You were a Skirmisher, a level 4 dwarven Valkyrie.
 You were lawful, on a mission for Tyr
 who was opposed by Odin (neutral) and Loki (chaotic).
 You were right-handed.
 You were in the Gnomish Mines, on level 7.
 You entered the dungeon 4398 turns ago.
 You had 157 experience points, 3 more were needed to attain level 5.

Basics:
 You had 0 out of 52 hit points.
 You had all 5 energy points (spell power).
 Your armor class was -5.
 Your wallet contained 393 zorkmids, and
 you had 215 more stashed away in your pack.
 Autopickup was on for all types.

Final Characteristics:
 Your strength was 16 (base:17, limit:18/100).
 Your dexterity was 13 (limit:20).
 Your constitution was 20 (limit:20).
 Your intelligence was 9 (limit:16).
 Your wisdom was 8 (limit:16).
 Your charisma was 8 (limit:16).

Final Status:
 You were deaf.
 You were fainted due to starvation.
 You were burdened; movement was slightly slowed.
 You were wielding a long sword.
 You were unskilled in long sword.

Final Attributes:
 You were piously aligned.
 You were fire resistant.
 Your items were protected from fire.
 You were cold resistant.
 Your items were somewhat protected from cold.
 You had infravision.
 You were stealthy.
 You were guarded.
 You were unlucky.
 Tyr was angry with you.
 You are dead.

Miscellaneous:
 You encountered 1 bones level.
 Total elapsed playing time was 3 hours, 37 minutes and 41 seconds.

Major events:
 Turn
    1: Anarchos the lawful dwarven Valkyrie entered the dungeon
 1363: attained the rank of Skirmisher (level 3)
 1740: entered the Gnomish Mines
 2260: reached Mine Town
 3585: found Demonbane on the floor
 4398: killed by a rothe, while fainted from lack of food

You didn't know any spells.

Skills:
 Fighting Skills
   bare handed combat [Unskilled]
   two weapon combat  [Unskilled]
   riding             [Unskilled]
 Weapon Skills
   dagger             [Basic]
   axe                [Unskilled]
   pick-axe           [Unskilled]
   short sword        [Unskilled]
   broadsword         [Unskilled]
   long sword         [Unskilled]
   two-handed sword   [Unskilled]
   saber              [Unskilled]
   hammer             [Unskilled]
   quarterstaff       [Unskilled]
   polearms           [Unskilled]
   spear              [Basic]
   trident            [Unskilled]
   lance              [Unskilled]
   sling              [Unskilled]
 Spellcasting Skills
   attack spells      [Unskilled]
   escape spells      [Unskilled]

Voluntary challenges:
 Character rerolling was not enabled.
 You never genocided any monsters.
 You never polymorphed an object.
 You never changed form.
 You used no wishes.
Achievements:
 You entered a shop.
 You attained the rank of Skirmisher.
 You entered the Gnomish Mines.
 You entered Minetown.
 You entered a temple.

 The Dungeons of Doom: levels 1 to 3
    Level 1:
       A grave.
    Level 2:
       A general store, some fountains, a sink.
    Level 3:
       An altar to Tyr, a grave.
       Stairs down to The Gnomish Mines.
 The Gnomish Mines: levels 4 to 7
    Level 4:
    Level 5:
    Level 6:
       Many shops, a temple and an altar, some fountains, some trees.
    Level 7: <- You were here.
       A grave.
       Final resting place for
          you, killed by a rothe, while fainted from lack of food,
          magnolian-Val-Hum-Fem-Law, killed by a giant spider.


Vanquished creatures:
  a ghost
  a small mimic
  2 watchmen
  a giant spider
  a dingo
  a housecat
  a wood nymph
  a water nymph
  2 mountain nymphs
 an orc shaman
  a rock mole
  a pony
  a shrieker
  4 gnome leaders
  4 elf zombies
  a ghoul
  a giant ant
  a little dog
  a floating eye
  4 dwarves
  a kobold leader
  8 hill orcs
  a monkey
  2 orc zombies
  4 dwarf zombies
  a werejackal
  2 iguanas
  2 coyotes
  a gas spore
  4 hobbits
  2 hobgoblins
  7 giant rats
 22 gnomes
  a garter snake
  3 gnome zombies
  4 geckos
 13 jackals
  a fox
  a kobold
  4 goblins
  2 sewer rats
  9 grid bugs
  2 lichens
  4 kobold zombies
  4 newts
136 creatures vanquished.

No species were genocided or became extinct.

Game over:
                       ----------
                      /          \
                     /    REST    \
                    /      IN      \
                   /     PEACE      \
                  /                  \
                  |     Anarchos     |
                  |      608 Au      |
                  |   killed by a    |
                  |      rothe       |
                  |                  |
                  |                  |
                  |       2026       |
                 *|     *  *  *      | *
        _________)/\\_//(\/(/\)/\//\/|_)_______

Farvel Anarchos the Valkyrie...

You died in The Gnomish Mines on dungeon level 7 with 1536 points,
and 608 pieces of gold, after 4398 moves.
You were level 4 with a maximum of 52 hit points when you died.

